AoeStats
← MonoKiller19892

Arena

510675869Analyzed
1v1 RM · 1d ago on Oct 2, 2026· 71m 0s· 2 players
Game mode
Random Map
Map size
Tiny (2 player)
Population
200
Speed
Normal
Resources
Standard
Victory
Conquest
Starting age
Dark Age
Ending age
Imperial Age
RankedLock teamsTeams togetherTeam positionsShared explorationLock speedFull tech treeHidden civsTurbo modeCheats
Victory
Defeat
🇪🇨 Dravidians · Ecuador
674
+13
🇲🇽 Portuguese · Mexico
610
-13
meximanu
2:11 Loom
12:24 Feudal Age
17:03 Castle Age
30:52 Fletching
45:29 Bodkin Arrow
MonoKiller19892
2:18 Loom
14:19 Feudal Age
15:35 Wheelbarrow
15:05 Horse Collar
15:13 Double-Bit Axe
16:06 Town Watch
22:31 Man-at-Arms
25:59 Castle Age
24:07 Arson
26:47 Long Swordsman
28:39 Elite Skirmisher
29:47 Ballistics
33:07 Gambesons
46:37 Fletching
50:58 Stone Mining
56:49 Bodkin Arrow
62:24 Light Cavalry
Connection lost

Rejoining the realm…

Still unreachable

The connection could not be restored.

Session expired

The server has moved on; the page needs a fresh start.